 Dungeon Crawl Stone Soup version 0.30-a0-46-g5a63ccc183 (webtiles) character file.

Game seed: 12667148400203481607

68 pascalblue the Stinger (level 4, -1/24 HPs)
             Began as a Deep Elf Venom Mage on Sept 1, 2022.
             Slain by Sigmund
             ... wielding a +0 scythe
              (9 damage)
             ... on level 3 of the Dungeon.
             The game lasted 00:06:39 (2420 turns).

pascalblue the Stinger (Deep Elf Venom Mage)        Turns: 2420, Time: 00:06:40

Health: -1/24      AC:  3    Str:  5    XL:     4   Next: 1%
Magic:  11/11      EV: 13    Int: 22    God:
Gold:   109        SH:  0    Dex: 15    Spells: 3/9 levels left

rFire   . . .      SeeInvis .    j - +3 short sword
rCold   . . .      Faith    .    (no shield)
rNeg    . . .      Spirit   .    a - +0 robe
rPois   .          Reflect  .    (no helmet)
rElec   .          Harm     .    i - +0 cloak
rCorr   .          Rampage  .    (no gloves)
Will    +....                    (no boots)
Stlth   +.........               (no amulet)
HPRegen 0.08/turn                c - ring of willpower
MPRegen 0.12/turn                (no ring)

@: silenced
A: no striking features
a: no special abilities


You were on level 3 of the Dungeon.
You visited 1 branch of the dungeon, and saw 3 of its levels.

You collected 109 gold pieces.

Inventory:

Hand Weapons
 f - a +0 dagger
 j - a +3 short sword (weapon)
Armour
 a - a +0 robe (worn)
 i - a +0 cloak (worn)
Jewellery
 c - a ring of willpower (left hand)
Potions
 b - a potion of magic
 d - 2 potions of attraction
 e - a potion of heal wounds {unknown}
 g - a potion of degeneration {unknown}


   Skills:
 + Level 2.9 Dodging
 + Level 2.5 Stealth
 + Level 3.3 Spellcasting
 + Level 0.4 Conjurations
 - Level 1.3 Transmutations
 + Level 1.0 Air Magic
 * Level 4.5 Poison Magic


You had 3 spell levels left.
You knew the following spells:

 Your Spells              Type           Power      Damage    Failure   Level
a - Sting                 Tmut/Pois      64%        1d6       3%          1
b - Poisonous Vapours     Pois/Air       30%        N/A       6%          2
c - Mephitic Cloud        Conj/Pois/Air  12%        N/A       16%         3

Your spell library contained the following spells:

 Spells                   Type           Power      Damage    Failure   Level
 Magic Dart               Conj           20%        1d4       10%         1
 Searing Ray              Conj           10%        2d4       16%         2
 Olgreb's Toxic Radiance  Pois           23%        N/A       19%         4
 Fulminant Prism          Conj/Hex       2%         3d6       73%         4


Dungeon Overview and Level Annotations

Branches:
Dungeon (3/15)

Altars:

Annotations:
D:3 Sigmund


Message History

Sigmund barely misses you.
Your magical contamination has completely faded away.
You hit Sigmund.
Sigmund is moderately wounded.
Sigmund barely misses you.
You hit Sigmund.
Sigmund is heavily wounded.
Sigmund closely misses you.
You puncture Sigmund!
Sigmund is severely wounded.
You closely miss Sigmund.
Sigmund is severely wounded.
Sigmund hits you with a +0 scythe.
* * * LOW HITPOINT WARNING * * *
You barely miss Sigmund.
Sigmund is severely wounded.
Sigmund closely misses you.
You barely miss Sigmund.
Sigmund is severely wounded.
Sigmund closely misses you.
You barely miss Sigmund.
Sigmund is severely wounded.
You hit Sigmund but do no damage.
Sigmund is severely wounded.
Sigmund barely misses you.
You barely miss Sigmund.
Sigmund is severely wounded.
Sigmund hits you but does no damage.
You closely miss Sigmund.
Sigmund is severely wounded.
You hit Sigmund but do no damage.
Sigmund is severely wounded.
Sigmund closely misses you.
You closely miss Sigmund.
Sigmund is severely wounded.
Sigmund hits you but does no damage.
You hit Sigmund but do no damage.
Sigmund is severely wounded.
Sigmund hits you with a +0 scythe!
You die...

##..# ##.......##
######...####.........###
............'...>.....'..
#####...####.........###
#.....# ##†<.....##
#.###.# ##.....## #.###.#
##...## #.#...# ##'##
#.#.#@# #.# #.#.#@# #.#
#..)..# #.# ###.### .K.
#! ... #. ... #.


You could see Sigmund.

Vanquished Creatures
  2 adders
  3 dart slugs
  An orc (D:2)
  4 ball pythons
  3 endoplasms
  2 giant cockroaches (D:1)
  4 goblins (D:2)
  2 hobgoblins
  4 kobolds
  2 quokkas (D:1)
  10 bats
  2 frilled lizards
  2 rats
41 creatures vanquished.

Notes
Turn   | Place    | Note
-------+----------+-------------------------------------------
     0 | D:1      | pascalblue the Deep Elf Venom Mage began the quest for the
                  | Orb.
     0 | D:1      | Reached XP level 1. HP: 10/10 MP: 6/6
   226 | D:1      | Reached XP level 2. HP: 15/15 MP: 6/8
   229 | D:1      | Learned a level 2 spell: Poisonous Vapours
   325 | D:1      | Reached skill level 4 in Poison Magic
  1103 | D:2      | Reached XP level 3. HP: 19/19 MP: 6/9
  1107 | D:2      | Learned a level 3 spell: Mephitic Cloud
  2343 | D:3      | Reached skill level 1 in Air Magic
  2343 | D:3      | Reached XP level 4. HP: 24/24 MP: 8/11
  2397 | D:3      | Noticed Sigmund
  2420 | D:3      | Slain by Sigmund

Illustrated notes

Levels and vault maps discovered:
D:1:      lightli_arrival_chessboard, layout_loops_ring
D:2:      cheibrodos_helix_gallery, layout_loops_ring, minmay_misc_feat_roman,
          nicolae_elevator_lobby_plus
D:3:      layout_loops_corners, minmay_ruptured, uniq_sigmund, uniq_grinder

Skill      XL: |  1  2  3 |
---------------+----------+-----
Poison Magic   | 4 |  4.5
Air Magic      | 1 |  1.0
Dodging        | |  2.9
Stealth        | |  2.5
Spellcasting   | |  3.3
Conjurations   | |  0.4
Transmutations | |  1.3

Action                   |  1- 3 |  4- 6 || total
-------------------------+-------+-------++-------
Melee: Unarmed           |     3 |       ||     3
       Dagger            |     6 |       ||     6
       Short sword       |     9 |    18 ||    27
 Cast: Sting             |    29 |       ||    29
       Poisonous Vapours |    29 |     1 ||    30
  Use: Scroll            |     4 |     1 ||     5
Armor: Robe              |    21 |     3 ||    24
Dodge: Dodged            |    40 |    11 ||    51

Table legend: (Time is in decaauts)
 A = Elapsed time spent in this place.
 B = Non-inter-level travel time spent in this place.
 C = Inter-level travel time spent in this place.
 D = Time resting spent in this place.
 E = Time spent auto-exploring this place.
 F = Levels seen in this place.
 G = Mean time per level.
                   A        B        C        D        E       F      G
               +--------+--------+--------+--------+--------+-----+--------+
         Total |   2421 |   2369 |     52 |      0 |   1937 |   3 |  807.0 |
       Dungeon |   2421 |   2369 |     52 |      0 |   1937 |   3 |  807.0 |
               +--------+--------+--------+--------+--------+-----+--------+

Top non-repeatable levels by time:
     D:2: 1315 daAuts
     D:1: 1004 daAuts
     D:3: 102 daAuts
